 Dungeon Crawl Stone Soup version 0.28-a0-401-ge240ad9e29 (webtiles) character file.

Game seed: 8250004954304049570

148 ptdevnull the Magician (level 5, -7/28 HPs)
             Began as a Deep Elf Fire Elementalist on Sept 4, 2021.
             Killed by divine providence
             ... invoked by an orc priest
              (14 damage)
             ... on level 3 of the Dungeon.
             The game lasted 00:09:25 (2773 turns).

ptdevnull the Magician (Deep Elf Fire Elementalist) Turns: 2773, Time: 00:09:28

Health: -7/28      AC:  4    Str:  5    XL:     5   Next: 8%
Magic:  0/13       EV: 13    Int: 21    God:
Gold:   104        SH:  0    Dex: 15    Spells: 6/12 levels left

rFire   . . .      SeeInvis .   a - +1 dagger (venom)
rCold   + . .      Faith    .   (no shield)
rNeg    . . .      Spirit   .   o - +2 robe {rC+}
rPois   .          Reflect  .   (no helmet)
rElec   .          Harm     .   (no cloak)
rCorr   .          Rampage  .   (no gloves)
Will    .....                   (no boots)
Stlth   ++........              (no amulet)
HPRegen 0.09/turn               (no ring)
MPRegen 0.13/turn               (no ring)

@: no status effects
A: no striking features
a: no special abilities


You were on level 3 of the Dungeon.
You visited 1 branch of the dungeon, and saw 3 of its levels.

You collected 104 gold pieces.

Inventory:

Hand Weapons
 a - a +1 dagger of venom (weapon)
 b - a +0 dagger
Missiles
 p - 4 boomerangs
Armour
 l - a +0 robe
 o - a +2 robe of cold resistance (worn)
Scrolls
 d - 4 scrolls of identify {unknown}
 e - a scroll of brand weapon {unknown}
 f - a scroll of teleportation {unknown}
 g - a scroll of summoning {unknown}
 i - a scroll of noise {unknown}
 q - a scroll of blinking {unknown}
Potions
 c - a potion of curing {unknown}
 h - a potion of attraction {unknown}
 j - a potion of flight {unknown}
 k - 2 potions of degeneration {unknown}
 m - a potion of berserk rage {unknown}
 n - a potion of haste {unknown}


   Skills:
 + Level 3.6 Dodging
 + Level 3.7 Stealth
 + Level 4.1 Spellcasting
 + Level 2.5 Conjurations
 + Level 4.1 Fire Magic


You had 6 spell levels left.
You knew the following spells:

 Your Spells              Type           Power      Damage    Failure   Level
a - Foxfire               Conj/Fire      72%        2x1d7     3%          1
b - Scorch                Fire           42%        2d7       3%          2
c - Conjure Flame         Conj/Fire      18%        6-21      10%         3

Your spell library contained the following spells:

 Spells                   Type           Power      Damage    Failure   Level
 Inner Flame              Hex/Fire       12%        N/A       16%         3
 Flame Wave               Conj/Fire      18%        3d5       30%         4


Dungeon Overview and Level Annotations

Branches:
Dungeon (3/15)

Altars:


Message History

You conjure some foxfire!
The orc priest barely misses you.
Your foxfire dissipates!
The foxfire hits the orc priest but does no damage.
The orc priest is almost dead.
Casting: Foxfire (safe; 3% risk of failure)
Confirm with . or Enter, or press ? or * to list all spells.
You conjure some foxfire!
The orc priest barely misses you.
Your foxfire dissipates!
The foxfire hits the orc priest but does no damage.
The orc priest is almost dead.
Casting: Foxfire (safe; 3% risk of failure)
Confirm with . or Enter, or press ? or * to list all spells.
You conjure some foxfire!
The foxfire hits the orc priest.
The orc priest is almost dead.
Your foxfire dissipates!
Casting: Foxfire (safe; 3% risk of failure)
Confirm with . or Enter, or press ? or * to list all spells.
You conjure some foxfire!
The foxfire hits the orc.
The orc is severely wounded.
Your foxfire dissipates!
Casting: Foxfire (safe; 3% risk of failure)
Confirm with . or Enter, or press ? or * to list all spells.
You conjure some foxfire!
The foxfire hits the orc.
You kill the orc!
Your foxfire dissipates!
Casting: Foxfire (safe; 3% risk of failure)
Confirm with . or Enter, or press ? or * to list all spells.
You conjure some foxfire!
The foxfire hits the rat.
You kill the rat!
Casting: Foxfire (safe; 3% risk of failure)
Confirm with . or Enter, or press ? or * to list all spells.
You conjure some foxfire!
The orc priest casts a cantrip, but nothing happens.
Your foxfire dissipates!
The foxfire hits the orc priest but does no damage.
The orc priest is almost dead.
The orc priest calls down the wrath of Beogh upon you.
Beogh smites you!
Ouch! That really hurt!
You die...

.......# #.########
######## #.###### .#
#oo).o.# .# ######.#
.# #.# .# #o# .# #.#
.# ########o#
.###########....@...#
.............########
##############


You could see an orc priest.

Vanquished Creatures
  An orc priest (D:3)
  An orc wizard (D:3)
  3 adders
  3 worms (D:2)
  A dart slug (D:3)
  5 orcs (D:3)
  7 endoplasms
  A giant cockroach (D:1)
  7 goblins
  4 hobgoblins
  3 jackals (D:2)
  A quokka (D:1)
  3 ball pythons
  A bat (D:3)
  3 frilled lizards (D:3)
  3 kobolds
  5 rats
52 creatures vanquished.

Vanquished Creatures (others)
  136 foxfires
  A plant (D:2)
137 creatures vanquished.

Grand Total: 189 creatures vanquished

Notes
Turn   | Place    | Note
-------+----------+-------------------------------------------
     0 | D:1      | ptdevnull the Deep Elf Fire Elementalist began the quest
                  | for the Orb.
     0 | D:1      | Reached XP level 1. HP: 10/10 MP: 6/6
    38 | D:1      | Found a faded altar of an unknown god.
   263 | D:1      | Reached XP level 2. HP: 15/15 MP: 2/8
   694 | D:1      | Learned a level 2 spell: Scorch
  1179 | D:2      | Reached XP level 3. HP: 15/19 MP: 0/9
  2097 | D:2      | Learned a level 3 spell: Conjure Flame
  2284 | D:3      | Reached XP level 4. HP: 24/24 MP: 7/11
  2467 | D:3      | Reached XP level 5. HP: 13/28 MP: 1/13
  2773 | D:3      | Killed from afar by an orc priest

Illustrated notes

Levels and vault maps discovered:
D:1:      amcnicky_arrival_wind_blow, layout_basic,
          ebering_ecumenical_altar_rust
D:2:      layout_loops_ring, serial_forest, infiniplex_forest_lined_3_way,
          infiniplex_forest_end_2, infiniplex_forest_clump_large,
          infiniplex_forest_clump_small, infiniplex_forest_straight_2,
          infiniplex_forest_clump_small, minmay_misc_feat_plants, hex_medium
D:3:      layout_loops_ring, minmay_strange_pillars,
          chequers_serial_rivers_small_b

Skill      XL: |  1  2  3  4 |
---------------+-------------+-----
Dodging        | 3 |  3.6
Stealth        | 3 |  3.7
Conjurations   | 2 |  2.5
Spellcasting   | 4 |  4.1
Fire Magic     | 4 |  4.1

Action                   |  1- 3 |  4- 6 || total
-------------------------+-------+-------++-------
Melee: Dagger            |     1 |     4 ||     5
 Cast: Foxfire           |    61 |    32 ||    93
       Scorch            |    16 |     1 ||    17
Armor: Robe              |     3 |       ||     3
Dodge: Dodged            |    19 |     4 ||    23

Table legend: (Time is in decaauts)
 A = Elapsed time spent in this place.
 B = Non-inter-level travel time spent in this place.
 C = Inter-level travel time spent in this place.
 D = Time resting spent in this place.
 E = Time spent auto-exploring this place.
 F = Levels seen in this place.
 G = Mean time per level.
                   A        B        C        D        E       F      G
               +--------+--------+--------+--------+--------+-----+--------+
         Total |   2773 |   2710 |     63 |    638 |   1622 |   3 |  924.3 |
       Dungeon |   2773 |   2710 |     63 |    638 |   1622 |   3 |  924.3 |
               +--------+--------+--------+--------+--------+-----+--------+

Top non-repeatable levels by time:
     D:1: 1137 daAuts
     D:2: 974 daAuts
     D:3: 661 daAuts
